Map: Ascension to Aiur LE

Players

ByuN - Winner!

  • Race: Terran Terran
  • Spawn Location: 5:00

Elazer

  • Race: Zerg Zerg
  • League: Master
  • Spawn Location: 11:00

Event: HomeStory Cup XV

VOD

Have the link to the VOD?

Description

Time

  • Played on: July 23, 2017, 2:03 p.m.
  • Length: 8:40

All games in this series

Show
View Real Time Build Order
Export as new Build Order

ByuN Terran - Winner!

Build Orders: Cyclone Opening, MMM Bio 

Get SALT Encoding   

  12  0:00  SCV  
  13  0:12  SCV  
  14  0:17  Supply Depot  
  14  0:25  SCV  
  15  0:39  SCV  
  15  0:41  Barracks  
  16  0:43  Refinery  
  16  0:51  SCV  
  17  1:03  SCV  
  18  1:15  SCV  
  19  1:27  Marine  
  19  1:28  Orbital Command  
  20  1:40  Command Center  
  20  1:45  Marine  
  21  1:54  Factory  
  21  1:57  SCV  
  22  2:04  Barracks Reactor  
  22  2:08  Supply Depot  
  22  2:10  SCV  
  22  2:15  Refinery  
  24  2:30  SCV  
  24  2:40  Starport  
  24  2:41  Marine  
  24  2:42  Marine, SCV  
  29  2:53  Orbital Command  
  29  2:54  SCV  
  29  2:58  Cyclone  
  31  3:04  Marine  
  31  3:05  Marine  
  33  3:06  SCV  
  34  3:16  Medivac  
  34  3:18  SCV  
  38  3:20  SCV  
  38  3:25  Supply Depot  
  38  3:30  SCV  
  38  3:32  SCV  
  40  3:42  Hellion, SCV, Barracks Tech Lab  
  40  3:43  Hellion  
  40  3:44  SCV  
  40  3:48  Starport Tech Lab  
  46  3:54  SCV  
  47  3:56  SCV  
  47  3:58  Supply Depot  
  48  4:04  Hellion x2  
  48  4:05  Marine  
  48  4:06  Stimpack, SCV  
  54  4:15  Cloaking Field  
  54  4:19  SCV x2  
  54  4:21  Banshee  
  54  4:24  Supply Depot  
  59  4:31  SCV x2  
  61  4:43  SCV  
  62  4:45  SCV  
  62  4:46  Command Center  
  61  4:55  SCV  
  61  4:57  SCV  
  65  5:06  Banshee  
  62  5:07  Marine  
  62  5:08  SCV  
  62  5:10  SCV  
  62  5:12  Barracks  
  62  5:13  Barracks  
  61  5:16  Factory Reactor  
  61  5:18  Engineering Bay  
  61  5:19  Engineering Bay, Refinery x2  
  61  5:25  Marine, SCV x2  
  64  5:38  SCV x2  
  66  5:43  Marine  
  66  5:46  Barracks x2  
  66  5:48  Terran Infantry Armor Level 1, Terran Infantry Weapons Level 1  
  67  5:50  SCV  
  67  5:57  SCV  
  69  6:00  Marine  
  69  6:01  Starport Reactor  
  69  6:02  SCV  
  71  6:04  Marine x2  
  71  6:08  Factory Reactor  
  71  6:09  SCV, Combat Shields  
  71  6:11  Orbital Command  
  74  6:14  SCV  
  74  6:15  Marine x2, Supply Depot  
  74  6:16  Supply Depot  
  77  6:18  Marine  
  77  6:22  Marine x2  
  77  6:29  SCV  
  77  6:30  SCV  
  77  6:32  Armory  
  79  6:33  Marine x2  
  79  6:34  Orbital Command  
  79  6:36  Marine  
  79  6:38  Medivac  
  79  6:39  Medivac  
  86  6:40  Marine x2  
  86  6:42  Barracks Reactor  
  86  6:43  Barracks Reactor  
  88  6:48  Widow Mine x2  
  88  6:50  SCV, Marine x2  
  88  6:54  Marine  
  95  6:57  Marine x2  
  98  7:06  SCV x3  
  98  7:07  Supply Depot  
  101  7:12  Supply Depot  
  101  7:15  Supply Depot  
  101  7:19  Marine  
  101  7:23  Marine  
  101  7:28  Marine x4, Medivac x2  
  109  7:30  Supply Depot  
  109  7:33  Widow Mine x2  
  109  7:34  Marine x3  
  116  7:37  Marine  
  116  7:39  SCV x3  
  116  7:41  Marine  
  118  7:46  Marine x4  
  115  7:51  SCV x3  
  115  7:52  Marine x3  
  115  7:55  Marine  
  122  7:58  Marine  
  122  8:02  Widow Mine x2  
  122  8:03  SCV x2  
  122  8:04  SCV, Marine x4  
  120  8:19  Marine x5, SCV x2  
  127  8:20  Supply Depot  
  127  8:22  Marine x3  
Show
View Real Time Build Order
Export as new Build Order

Elazer Zerg 

Build Orders: Hatch First 

Get SALT Encoding   

  12  0:00  Drone  
  13  0:12  Overlord  
  13  0:16  Drone  
  14  0:30  Drone x2  
  14  0:34  Drone  
  17  0:51  Hatchery  
  17  0:54  Drone  
  17  0:58  Drone  
  18  1:08  Extractor  
  17  1:14  Spawning Pool  
  17  1:16  Drone  
  17  1:20  Drone  
  18  1:28  Drone  
  19  1:38  Overlord  
  19  1:49  Drone  
  20  2:00  Queen  
  20  2:01  Zergling x2  
  23  2:04  Queen  
  23  2:05  Zergling x2  
  26  2:22  Hatchery  
  25  2:25  Overlord  
  25  2:28  Drone  
  26  2:30  Drone  
  26  2:35  Metabolic Boost  
  27  2:39  Drone  
  28  2:44  Drone x2  
  28  2:47  Drone  
  28  2:50  Drone  
  32  2:55  Overlord  
  32  2:57  Drone  
  33  3:05  Overlord  
  33  3:09  Drone  
  34  3:13  Queen  
  34  3:15  Drone  
  34  3:19  Drone  
  38  3:25  Drone  
  39  3:34  Overlord  
  39  3:35  Drone  
  40  3:41  Zergling x6  
  40  3:46  Queen  
  40  3:48  Queen, Overlord  
  45  3:50  Drone  
  45  3:51  Drone  
  45  3:53  Drone x2  
  51  3:56  Drone  
  51  3:59  Drone x2  
  51  4:01  Drone  
  55  4:05  Zergling x2  
  55  4:07  Overlord  
  55  4:11  Zergling x4  
  55  4:12  Overlord  
  55  4:17  Overlord  
  57  4:19  Queen  
  57  4:21  Overlord  
  57  4:23  Spore Crawler  
  57  4:24  Drone  
  59  4:28  Queen  
  61  4:35  Zergling x6  
  64  4:38  Extractor  
  64  4:39  Drone x3  
  66  4:52  Zergling x4  
  63  4:58  Drone  
  58  5:00  Drone x2  
  58  5:01  Drone x3  
  58  5:02  Drone x2  
  58  5:03  Drone x3  
  58  5:06  Drone x2  
  64  5:07  Drone  
  64  5:12  Overlord  
  65  5:17  Drone  
  65  5:19  Overlord  
  65  5:20  Drone  
  67  5:27  Drone  
  68  5:32  Overlord  
  68  5:33  Drone  
  69  5:38  Drone  
  69  5:42  Spore Crawler  
  68  5:44  Spore Crawler, Drone x4  
  68  5:47  Drone  
  68  5:48  Drone x5  
  75  5:50  Drone  
  75  5:53  Drone  
  76  5:58  Drone  
  76  6:00  Drone  
  75  6:07  Drone x2  
  77  6:12  Evolution Chamber, Overlord  
  77  6:13  Evolution Chamber, Drone x2  
  77  6:15  Drone  
  77  6:16  Drone x2  
  80  6:18  Drone  
  80  6:19  Drone  
  80  6:20  Zergling x2  
  80  6:21  Zergling x4  
  82  6:28  Zergling x4  
  82  6:29  Baneling Nest  
  82  6:31  Overlord  
  82  6:37  Zergling x8  
  85  6:43  Lair  
  85  6:44  Zerg Ground Armor Level 1, Zerg Melee Weapons Level 1, Zergling x6  
  85  6:45  Zergling x2  
  87  6:47  Zergling x2  
  87  6:48  Zergling x2  
  87  6:51  Overlord  
  89  6:56  Zergling x10  
  94  7:01  Zergling x2  
  94  7:06  Zergling x8  
  94  7:08  Overlord  
  98  7:13  Baneling x9  
  98  7:20  Hatchery, Zergling x2  
  98  7:21  Zergling x4  
  99  7:27  Zergling x10  
  104  7:36  Overlord  
  104  7:38  Baneling x2  
  104  7:39  Overlord  
  104  7:40  Drone  
  104  7:41  Drone x2  
  104  7:42  Drone  
  108  7:45  Zergling x2  
  108  7:49  Zergling x2  
  107  7:55  Extractor  
  104  8:04  Zergling x16  
  100  8:08  Zergling x4  
  85  8:16  Zergling x2  
  85  8:17  Zergling x4  
  85  8:19  Baneling  
Tags
 
Add a new tag
Caveats
  • Supply blocks, unpowered buildings, or Contaminate may cause inaccurate times.
  • Supply counts are checked every 10 seconds.